 Dungeon Crawl Stone Soup version 0.29.0-7-g18a832c13a (webtiles) character file.

Game seed: 9430118391102000316

225 RascalDebosk the Trooper (level 5, -7/47 HPs)
             Began as a Minotaur Fighter on Aug 31, 2022.
             Killed by divine providence
             ... invoked by an orc priest
              (15 damage)
             ... on level 4 of the Dungeon.
             The game lasted 00:15:08 (2831 turns).

RascalDebosk the Trooper (Minotaur Fighter)         Turns: 2831, Time: 00:15:09

Health: -7/47      AC:  7    Str: 20    XL:     5   Next: 68%
Magic:  5/5        EV:  8    Int:  7    God:
Gold:   84         SH:  9    Dex: 10    Spells: 4/4 levels left

rFire   . . .      SeeInvis .   a - +0 war axe
rCold   . . .      Faith    .   q - +1 kite shield
rNeg    . . .      Spirit   .   b - +0 scale mail
rPois   .          Reflect  .   (helmet restricted)
rElec   .          Harm     .   (no cloak)
rCorr   .          Rampage  .   (no gloves)
Will    +....                   (no boots)
Stlth   ..........              (no amulet)
HPRegen 0.15/turn               f - ring of willpower
MPRegen 0.09/turn               (no ring)

@: no status effects
A: horns 2, retaliatory headbutt
a: no special abilities


You were on level 4 of the Dungeon.
You visited 1 branch of the dungeon, and saw 4 of its levels.

You collected 153 gold pieces.
You spent 69 gold pieces at shops.

Inventory:

Hand Weapons
 a - a +0 war axe (weapon)
Armour
 b - a +0 scale mail (worn)
 q - a +1 kite shield (worn)
Jewellery
 f - a ring of willpower (left hand)
 n - a ring of ice
Scrolls
 e - 3 scrolls of teleportation
 l - 2 scrolls of noise {unknown}
 p - a scroll of amnesia
Potions
 d - 3 potions of might
 h - a potion of invisibility {unknown}
 i - a potion of resistance {unknown}
 k - 2 potions of lignification
 m - 3 potions of mutation
 o - 4 potions of curing


   Skills:
 + Level 4.5 Fighting
 + Level 3.3 Axes
 + Level 2.0 Throwing
 + Level 4.4 Armour
 + Level 4.3 Shields
 + Level 1.8 Invocations
 + Level 1.6 Evocations


You had 4 spell levels left.
You didn't know any spells.
Your spell library contained the following spells:

 Spells                   Type           Power      Damage    Failure   Level
 Sting                    Tmut/Pois      0%         1d3       98%         1
 Poisonous Vapours        Pois/Air       0%         N/A       99%         2
 Olgreb's Toxic Radiance  Pois           0%         N/A       100%        4


Dungeon Overview and Level Annotations

Branches:
Dungeon (4/15)
 Temple: D:4-7

Altars:

Shops:
D:1 *


Innate Abilities, Weirdness & Mutations

You have a pair of horns on your head.
You reflexively headbutt those who attack you in melee.


Message History

The orc hits you with a +0 morningstar.
You closely miss the orc.
The orc is severely wounded.
The orc hits you with a +0 morningstar. The orc hits you with a +0 morningstar!
You barely miss the orc.
The orc is severely wounded.
You block the orc's attack.
You hit the orc.
You kill the orc!
You closely miss the goblin. You block the goblin's attack.
The howler monkey hoots and howls with incredible vigour!
The goblin hits you but does no damage.
You hear an angry hiss.
You hear a shout! x2; You hear an angry hiss.
You slash the howler monkey! You headbutt the howler monkey.
The howler monkey is heavily wounded.
You closely miss the goblin. The howler monkey hits you.
You block the goblin's attack. The howler monkey barely misses you.
You slash the howler monkey! Your headbutt misses the howler monkey.
The howler monkey is almost dead.
You slash the goblin!
You kill the goblin!
You block the howler monkey's attack. x2
You slash the howler monkey!
You kill the howler monkey!
Your Throwing skill increases to level 2!
An orc priest comes into view. It is wielding a +0 club.
The orc priest shouts!
The orc priest mumbles some strange prayers to Beogh against you.
Beogh smites you!
* * * LOW HITPOINT WARNING * * *
A ball python comes into view.
Things that are here:
a +0 morningstar; a howler monkey corpse; an orc corpse You see here a +0 leather armour.
As you read the scroll labelled XESAUC QELAZA, it crumbles to dust.
It is a scroll of amnesia.
You feel forgetful for a moment.
The orc priest calls down the wrath of Beogh upon you.
Beogh smites you!
You die...

#!# #.#
#.### ....
#..# #.$#
#..#
#).#######
#@........
##)##....
#.# ...
#.. . ....
.....
.......
...o.##.
....... .#


You could see an orc priest.

Vanquished Creatures
  A howler monkey (D:4)
  A hound (D:4)
  An orc priest (D:3)
  6 adders
  3 worms
  2 dart slugs
  3 orcs
  10 ball pythons
  4 bats
  3 endoplasms
  A giant cockroach (D:2)
  7 hobgoblins
  2 jackals (D:2)
  4 frilled lizards
  5 goblins
  3 kobolds (D:2)
  3 rats (D:1)
59 creatures vanquished.

Notes
Turn   | Place    | Note
-------+----------+-------------------------------------------
     0 | D:1      | RascalDebosk the Minotaur Fighter began the quest for the
                  | Orb.
     0 | D:1      | Reached XP level 1. HP: 19/19 MP: 0/0
   460 | D:1      | Found Kenecet's Assorted Antiques.
   606 | D:1      | Reached XP level 2. HP: 27/27 MP: 1/1
   933 | D:1      | Bought a scroll labelled MEYCRUBONA for 23 gold pieces
  1035 | D:2      | Reached skill level 1 in Throwing
  1112 | D:2      | Reached XP level 3. HP: 33/33 MP: 2/2
  1236 | D:2      | Found a faded altar of an unknown god.
  1467 | D:2      | Reached skill level 1 in Evocations
  1468 | D:2      | Reached skill level 1 in Invocations
  1615 | D:2      | Reached XP level 4. HP: 36/40 MP: 3/3
  1816 | D:1      | Bought a scroll labelled PUXUJE HAACUAMP for 23 gold pieces
  1816 | D:1      | Bought a scroll labelled PICASIKAMU for 23 gold pieces
  2313 | D:3      | Reached XP level 5. HP: 22/46 MP: 5/5
  2831 | D:4      | Killed from afar by an orc priest

Illustrated notes

Levels and vault maps discovered:
D:1:      dpeg_arrival_snail, layout_loops_corners, serial_shops, shop_statue
D:2:      layout_basic, shapermc_ecumenical_altar_venn
D:3:      layout_basic
D:4:      layout_loops_ring, mainiacjoe_overflow_alcove_4,
          minmay_shop_grid_forest

Skill      XL: |  1  2  3  4  5 |
---------------+----------------+-----
Throwing       | 1 2 |  2.0
Fighting       | 4 |  4.5
Shields        | 4 |  4.3
Evocations     | 1 |  1.6
Invocations    | 1 |  1.8
Armour         | 4 |  4.4
Axes           | 3 |  3.3

Action                   |  1- 3 |  4- 6 || total
-------------------------+-------+-------++-------
Melee: War axe           |    75 |    43 ||   118
       Headbutt          |     6 |     7 ||    13
  Use: Scroll            |       |     6 ||     6
Armor: Scale mail        |    54 |    22 ||    76
Dodge: Dodged            |    50 |    15 ||    65
Block: Buckler           |    21 |     8 ||    29
       Kite shield       |       |    15 ||    15
